 Dungeon Sprint DCSS version 0.20-b1 (webtiles) character file.

13103 Snowbourne the Ninja (level 11, 0/47 HPs)
             Began as a Spriggan Enchanter on May 18, 2017.
             Was the Champion of Dithmenos.
             Slain by a 12-headed hydra (4 damage)
             ... while paralysed by a floating eye
             ... in the Dungeon (Sprint I: "Red Sonja").
             The game lasted 00:12:13 (2051 turns).

Snowbourne the Ninja (Spriggan Enchanter)           Turns: 2051, Time: 00:12:14

Health: 0/47       AC:  2    Str:  4    XL:     11   Next: 71%
Magic:  14/16      EV:  4    Int: 16    God:    Dithmenos [******]
Gold:   1660       SH:  0    Dex: 21    Spells: 3/15 levels left

rFire    + + .     SeeInvis +   n - +2 dagger (drain)
rCold    + . .     Gourm    .   (shield restricted)
rNeg     . . .     Faith    .   o - +0 robe of Servitude {rF+ rC+ MR+ Stlth-} (curse)
rPois    .         Spirit   .   s - +0 mask of the Dragon {MR+ Slay+3 SInv}
rElec    .         Reflect  .   (no cloak)
rCorr    .         Harm     .   (gloves unavailable)
MR       +++..     NoTele   +   (boots unavailable)
Stlth    ++++++++++             (no amulet)
Regen    0.2/turn               m - ring of protection from fire
MPRegen  0.2/turn               (no ring)

@: paralysed, wreathed by umbra, very quick
A: unfitting armour, see invisible, herbivore 3, speed 3, slow metabolism 2
a: Shadow Step, Shadow Form, Renounce Religion


You were in the Dungeon.
You worshipped Dithmenos.
Dithmenos was exalted by your worship.
You were not hungry.

You visited 1 branch You collected 2340 gold pieces.
You spent 651 gold pieces at shops.
You donated 29 gold pieces to Zin.

Inventory:

Hand Weapons
 a - a +1 dagger
 n - a +2 dagger of draining (weapon)
Armour
 b - a +0 robe
 o - the cursed +0 robe of Servitude (worn) {rF+ rC+ MR+ Stlth-}
   (You bought it in a shop in the Dungeon)

   It protects you from fire.
   It protects you from cold.
   It affects your resistance to hostile enchantments.
   It makes you less stealthy.
   It has a curse placed upon it.
 s - the +0 mask of the Dragon (worn) {MR+ Slay+3 SInv}
   (You bought it in a shop in the Dungeon)

   It affects your accuracy and damage with ranged weapons and melee attacks
   (+3).
   It affects your resistance to hostile enchantments.
   It lets you see invisible.
Jewellery
 m - a ring of protection from fire (left hand)
Wands
 i - a wand of polymorph (11/24)
Scrolls
 j - a scroll of blinking
 p - a scroll of fog {unknown}
 t - a scroll of magic mapping {unknown}
Potions
 e - 3 potions of curing
 f - a potion of heal wounds
 g - a potion of haste
 h - 2 potions of magic
 k - a potion of mutation {unknown}
 l - a potion of berserk rage
 q - a potion of cancellation {unknown}
Books
 c - a book of Maledictions

   Spells                             Type                      Level
   a - Corona                         Hexes                        1
   b - Ensorcelled Hibernation        Hexes/Ice                    2
   c - Confuse                        Hexes                        3
   d - Tukima's Dance                 Hexes                        3
   e - Dazzling Spray                 Conjuration/Hexes            3
Comestibles
 d - a bread ration


   Skills:
 - Level 10.4 Short Blades
 + Level 16.0 Dodging
 O Level 27 Stealth
 - Level 2.6 Spellcasting
 + Level 18.0 Hexes


You had 3 spell levels left.
You knew the following spells:

 Your Spells              Type           Power        Failure   Level  Hunger
a - Corona                Hex            ######.      0%          1    #......
b - Ensorcelled Hibernat  Hex/Ice        ####..       1%          2    ##.....
c - Confuse               Hex            ######..     1%          3    ###....
d - Dazzling Spray        Conj/Hex       ####..       1%          3    ###....
e - Tukima's Dance        Hex            ######..     1%          3    ###....


Dungeon Overview and Level Annotations

Branches:
Dungeon (1/1)

Altars:
Cheibriados
Dithmenos
Elyvilon
Fedhas
Gozag
Hepliaklqana
Kikubaaqudgha
Makhleb
Nemelex Xobeh
Okawaru
Qazlal
Ru
Sif Muna
Trog
Uskayaw
Vehumet
Xom
Yredelemnul
Zin
The Shining One
Jiyva
Lugonu

Shops:
D [([[[%=*[?!}([[(?%[[[


Innate Abilities, Weirdness & Mutations

You are very small and have problems with some larger weapons.
You are too small for most types of armour.
You have supernaturally acute eyesight. (SInv)
You are a herbivore.
You cover ground extremely quickly.
You need consume almost no food.


Message History

The 12-headed hydra closely misses you. x2
The 12-headed hydra completely misses you.
The 12-headed hydra barely misses you.
The 12-headed hydra completely misses you.
The 12-headed hydra barely misses you.
The 12-headed hydra completely misses you. x2
The 12-headed hydra misses you. The 12-headed hydra bites you!
The 12-headed hydra completely misses you.
The 12-headed hydra bites you! The floating eye seems to glare at you.
The floating eye gazes piercingly through you!
You suddenly lose the ability to move!
The floating eye pulsates ominously.
The floating eye seems to glare at you. The 12-headed hydra barely misses you.
The 12-headed hydra bites you!
You emit a cloud of dark smoke.
The 12-headed hydra barely misses you. The 12-headed hydra bites you!
* * * LOW HITPOINT WARNING * * *
You emit a cloud of dark smoke.
The 12-headed hydra bites you.
You die...

########################
.'..)#..#§§§.÷§§§§§.'.$#
.#...##'#.####§§@DG##$.+
##)..'.†#§# ##§§§## ##
§#####..§§# ###+#
§#..##+#### §+..# )#..#
###'### ###.+.# #(###.#


You could see a 12-headed hydra and a floating eye.

Vanquished Creatures
  2 centaur warriors (D)
  Sonja (D)
  2 unseen horrors (D)
  A deep troll (D)
  A lindwurm (D)
  8 shining eyes (D)
  An oklob plant (D)
  2 kobold demonologists (D)
  4 demonic crawlers (D)
  A slime creature (D)
  A hornet (D)
  2 redbacks (D)
  Sigmund (D)
  A yak (D)
  13 hogs (D)
  6 floating eyes (D)
  7 necrophages (D)
  An ogre (D)
  8 jellies (D)
  Ijyb (D)
  2 ballistomycetes (D)
  A ballistomycete spore (D)
67 creatures vanquished.

Vanquished Creatures (others)
  2 hornets (D)
  A ballistomycete spore (D)
3 creatures vanquished.

Grand Total: 70 creatures vanquished

Notes
Turn   | Place    | Note
-------+----------+-------------------------------------------
     0 | D        | Snowbourne the Spriggan Enchanter began the quest for the Orb.
     0 | D        | Reached XP level 1. HP: 9/9 MP: 5/5
     2 | D        | Noticed Ijyb
    13 | D        | Killed Ijyb
    13 | D        | Reached skill level 8 in Stealth
    13 | D        | Reached skill level 5 in Hexes
    13 | D        | Reached XP level 2. HP: 13/13 MP: 6/6
    61 | D        | Learned a level 2 spell: Ensorcelled Hibernation
    63 | D        | Noticed an ogre
    65 | D        | Killed an ogre
    65 | D        | Reached skill level 12 in Stealth
    65 | D        | Reached XP level 3. HP: 16/16 MP: 8/8
    65 | D        | Reached XP level 4. HP: 21/21 MP: 9/9
    70 | D        | Learned a level 3 spell: Confuse
    81 | D        | Noticed Sigmund
    83 | D        | Killed Sigmund
    83 | D        | Reached skill level 15 in Stealth
    83 | D        | Reached XP level 5. HP: 24/24 MP: 10/10
    96 | D        | Found a deep blue altar of Sif Muna.
    98 | D        | Found a radiant altar of Vehumet.
   102 | D        | Reached XP level 6. HP: 28/28 MP: 11/11
   153 | D        | Found Etyteoff's Armour Emporium.
   153 | D        | Found an ancient bone altar of Kikubaaqudgha.
   153 | D        | Found a hazy altar of Hepliaklqana.
   153 | D        | Found a hide-covered altar of Uskayaw.
   153 | D        | Found a basalt altar of Yredelemnul.
   153 | D        | Found an opulent altar of Gozag.
   153 | D        | Found a snail-covered altar of Cheibriados.
   153 | D        | Found a sacrificial altar of Ru.
   153 | D        | Found a shadowy altar of Dithmenos.
   153 | D        | Noticed a yak
   155 | D        | Killed a yak
   155 | D        | Reached skill level 17 in Stealth
   155 | D        | Reached skill level 10 in Hexes
   156 | D        | Found a stormy altar of Qazlal.
   156 | D        | Found a blossoming altar of Fedhas.
   156 | D        | Found a bloodstained altar of Trog.
   156 | D        | Found an iron altar of Okawaru.
   156 | D        | Found a glowing golden altar of the Shining One.
   156 | D        | Found a glowing silver altar of Zin.
   156 | D        | Found a white marble altar of Elyvilon.
   157 | D        | Found a sparkling altar of Nemelex Xobeh.
   163 | D        | Became a worshipper of Zin the Law-Giver
   163 | D        | Reached * piety under Zin
   163 | D        | Reached ** piety under Zin
   163 | D        | Reached *** piety under Zin
   163 | D        | Reached **** piety under Zin
   163 | D        | Reached ***** piety under Zin
   163 | D        | Reached ****** piety under Zin
   171 | D        | Noticed Sonja
   175 | D        | Killed Sonja
   175 | D        | Reached skill level 20 in Stealth
   175 | D        | Reached XP level 7. HP: 32/32 MP: 10/12
   175 | D        | Reached XP level 8. HP: 36/36 MP: 10/13
   190 | D        | Found Vompogre's Armour Boutique.
   201 | D        | Noticed a shining eye
   201 | D        | Noticed a shining eye
   201 | D        | Noticed a shining eye
   201 | D        | Noticed a shining eye
   201 | D        | Noticed a shining eye
   201 | D        | Noticed a shining eye
   204 | D        | Noticed a shining eye
   204 | D        | Noticed a shining eye
   206 | D        | Killed a shining eye
   206 | D        | Reached skill level 21 in Stealth
   207 | D        | Paralysed by a floating eye for 2 turns
   217 | D        | Killed a shining eye
   217 | D        | Reached skill level 5 in Dodging
   217 | D        | Reached skill level 22 in Stealth
   217 | D        | Reached XP level 9. HP: 39/39 MP: 11/14
   228 | D        | Killed a shining eye
   228 | D        | Reached skill level 5 in Short Blades
   233 | D        | Learned a level 3 spell: Dazzling Spray
   268 | D        | Killed a shining eye
   268 | D        | Reached skill level 23 in Stealth
   270 | D        | Killed a shining eye
   294 | D        | Killed a shining eye
   298 | D        | Killed a shining eye
   298 | D        | Reached skill level 24 in Stealth
   298 | D        | Reached XP level 10. HP: 44/44 MP: 2/15
   342 | D        | Killed a shining eye
   342 | D        | Reached skill level 10 in Dodging
   342 | D        | Reached skill level 15 in Hexes
   343 | D        | Found Unogarhoto's Armour Shop.
   343 | D        | Found Tijuric's Antique Armour Emporium.
   343 | D        | Found Archagam's Food Boutique.
   344 | D        | Found Qeocu's Weapon Shoppe.
   382 | D        | Bought the cursed +0 robe of Servitude {rF+ rC+ MR+ Stlth-} for 251 gold pieces
   394 | D        | Fell from the grace of Zin
   394 | D        | Became a worshipper of Dithmenos the Shadowed
   655 | D        | Noticed a deep troll
   674 | D        | Killed a deep troll
   691 | D        | Found Cufoaniwn's Armour Emporium.
   724 | D        | Found a burning altar of Makhleb.
   724 | D        | Found a viscous altar of Jiyva.
   724 | D        | Found a shimmering altar of Xom.
   724 | D        | Found a corrupted altar of Lugonu.
   743 | D        | Reached * piety under Dithmenos
   747 | D        | Reached skill level 25 in Stealth
   793 | D        | Bought the +0 mask of the Dragon {MR+ Slay+3 SInv} for 400 gold pieces
   822 | D        | Noticed a centaur warrior
   823 | D        | Noticed a centaur warrior
   825 | D        | Killed a centaur warrior
   825 | D        | Reached ** piety under Dithmenos
   826 | D        | Killed a centaur warrior
   848 | D        | Noticed an oklob plant
   850 | D        | Killed an oklob plant
   855 | D        | Learned a level 3 spell: Tukima's Dance
   862 | D        | Reached *** piety under Dithmenos
   862 | D        | Reached skill level 26 in Stealth
   862 | D        | Reached XP level 11. HP: 47/47 MP: 16/16
   886 | D        | Noticed an unseen horror
   887 | D        | Noticed an unseen horror
   892 | D        | Killed an unseen horror
   893 | D        | Killed an unseen horror
   893 | D        | Reached skill level 10 in Short Blades
   910 | D        | Reached **** piety under Dithmenos
  1051 | D        | Found Impu Ifo's Assorted Antiques.
  1056 | D        | Found Puhuor's Jewellery Shop.
  1056 | D        | Found Wusesh's Armour Boutique.
  1061 | D        | Found Daashy's Food Boutique.
  1061 | D        | Found Dein's Antique Armour Emporium.
  1063 | D        | Found Woshri's Armour Emporium.
  1065 | D        | Reached ***** piety under Dithmenos
  1075 | D        | Found Bafronycs's Magic Scroll Emporium.
  1075 | D        | Found Fubror's Distillery.
  1075 | D        | Found Zaobes's Gadget Shoppe.
  1075 | D        | Found Xaol's Weapon Boutique.
  1075 | D        | Found Abaufob's Armour Emporium.
  1075 | D        | Found Cabliy's Antique Armour Shop.
  1075 | D        | Found Vanuoq's Weapon Shoppe.
  1086 | D        | Found Puufer's Magic Scroll Boutique.
  1276 | D        | Reached skill level 27 in Stealth
  1774 | D        | Noticed a lindwurm
  1777 | D        | Killed a lindwurm
  1792 | D        | Reached ****** piety under Dithmenos
  1799 | D        | Reached skill level 15 in Dodging
  2045 | D        | Noticed a 12-headed hydra
  2049 | D        | Paralysed by a floating eye for 4 turns
  2051 | D        | Slain by a 12-headed hydra

Skill      XL: |  1  2  3  4  5  6  7  8  9 10 11 |
---------------+----------------------------------+-----
Stealth        | 8 12 15 20 22 24 26 27 | 27.0
Hexes          | 5 7 9 12 13 14 16 18 | 18.0
Short Blades   | 3 7 9 10 | 10.4
Dodging        | 5 9 12 16 | 16.0
Spellcasting   | |  2.6

Action                   |  1- 3 |  4- 6 |  7- 9 | 10-12 || total
-------------------------+-------+-------+-------+-------++-------
Melee: Unarmed           |     6 |       |       |       ||     6
       Dagger            |     2 |     4 |    63 |   158 ||   227
 Cast: Ensorcelled Hiber |       |     1 |     1 |    20 ||    22
       Dazzling Spray    |       |       |     6 |    10 ||    16
       Confuse           |       |       |       |     9 ||     9
       Corona            |       |       |       |     1 ||     1
Invok: Shadow Step       |       |       |       |     5 ||     5
  Use: Potion            |     1 |       |       |       ||     1
 Stab: Sleeping          |     2 |     4 |     7 |    37 ||    50
       Invisible         |       |       |     3 |     4 ||     7
       Confused          |       |       |       |     4 ||     4
  Eat: Royal jelly       |       |       |       |     2 ||     2
Armor: Skin              |     2 |       |       |       ||     2
Dodge: Dodged            |     2 |       |       |    80 ||    82
